 Dungeon Crawl Stone Soup version 0.29.0-4-gdea44cf6ec (webtiles) character file.

Game seed: 6385989065073739771

1120 qw the Cleaver (level 8, -3/48 HPs)
             Began as a Tengu Warper on Aug 28, 2022.
             Was an Initiate of Okawaru.
             Slain by a gnoll
             ... wielding a +0 halberd
             ... led by a gnoll bouda
              (15 damage)
             ... on level 6 of the Dungeon.
             The game lasted 00:00:35 (6330 turns).

qw the Cleaver (Tengu Warper)                       Turns: 6330, Time: 00:00:36

Health: -3/48      AC:  6    Str: 13    XL:     8   Next: 34%
Magic:  12/12      EV: 11    Int: 15    God:    Okawaru [......]
Gold:   215        SH:  4    Dex: 13    Spells: 11/11 levels left

rFire   . . .      SeeInvis .   Y - +2 hand axe (freeze)
rCold   . . .      Faith    .   i - +0 buckler
rNeg    . . .      Spirit   .   f - +0 scale mail
rPois   .          Reflect  .   (helmet restricted)
rElec   .          Harm     .   (no cloak)
rCorr   .          Rampage  .   (no gloves)
Will    .....                   (boots unavailable)
Stlth   ..........              d - amulet of the acrobat
HPRegen 0.16/turn               (no ring)
MPRegen 0.13/turn               (no ring)

@: weakened, flying quickly and evasively, quick
A: beak, talons 3, nimble flight
a: Renounce Religion


You were on level 6 of the Dungeon.
You worshipped Okawaru.
Okawaru was noncommittal.
You visited 2 branches of the dungeon, and saw 7 of its levels.

You collected 215 gold pieces.


Innate Abilities, Weirdness & Mutations

You have a beak for a mouth.
You have claws for feet.
Your magical nature lets you fly swiftly and evasively.


   Skills:
 - Level 4.0 Fighting
 - Level 9.0 Axes
 - Level 2.1 Throwing
 - Level 2.1 Armour
 + Level 2.8 Dodging
 - Level 2.1 Shields
 - Level 2.0 Spellcasting
 - Level 2.4 Translocations


You had 11 spell levels left.
You didn't know any spells.
Your spell library contained the following spells:

 Spells                   Type           Power      Damage    Failure   Level
 Blink                    Tloc           16%        N/A       61%         2
 Gell's Gravitas          Tloc           8%         N/A       83%         3
 Lesser Beckoning         Tloc           8%         N/A       83%         3
 Teleport Other           Tloc           8%         N/A       83%         3
 Manifold Assault         Tloc           8%         N/A       100%        5

Inventory:

Hand Weapons
 o - a +0 flail
 Y - a +2 hand axe of freezing (weapon)
Armour
 f - a +0 scale mail (worn)
 i - a +0 buckler (worn)
Jewellery
 d - an amulet of the acrobat (around neck)
Scrolls
 b - a scroll of identify
Potions
 e - 2 potions of curing
 g - a potion of berserk rage {unknown}
 j - 2 potions of resistance
 k - 3 potions of might
 n - a potion of haste {unknown}

Dungeon Overview and Level Annotations

Branches:
Dungeon (6/15)             Temple (1/1) D:6

Altars:
Ashenzari
Cheibriados
Elyvilon
Fedhas
Gozag
Hepliaklqana
Kikubaaqudgha
Makhleb
Nemelex Xobeh
Okawaru
Qazlal
Ru
Sif Muna
Trog
Uskayaw
Vehumet
Wu Jian
Xom
Yredelemnul
Zin
The Shining One

Shops:
D:3 :

Annotations:
D:3 1 runed translucent door, Crazy Yiuf


Message History

You hit the gnoll bouda. You freeze the gnoll bouda.
The gnoll hits you with a +0 halberd.
The gnoll bouda calls upon its god to heal the gnoll.
The gnoll's wounds heal themselves!
6325 ||| DRINKING potion of heal wounds.
You feel much better. The gnoll hits you with a +0 halberd!
The gnoll bouda gazes fiercely through you!
You feel your attacks grow feeble. The gnoll bouda misses you.
You completely miss the gnoll bouda.
The gnoll bouda is moderately wounded.
You completely miss the gnoll. You block the gnoll's attack.
The gnoll bouda hits you with a +0 club.
You hit the gnoll bouda but do no damage.
You claw the gnoll bouda, but do no damage.
The gnoll bouda is moderately wounded.
You barely miss the gnoll. You barely miss the gnoll bouda.
Your kick misses the gnoll bouda.
The gnoll bouda is moderately wounded.
You hit the gnoll. You freeze the gnoll.
The gnoll bouda hits you with a +0 club!
The gnoll barely misses you.
You barely miss the gnoll bouda.
You claw the gnoll bouda, but do no damage.
You peck the gnoll bouda, but do no damage.
The gnoll bouda is moderately wounded.
You barely miss the gnoll.
Your attacks no longer feel as feeble.
The gnoll closely misses you.
The gnoll bouda gazes fiercely through you!
You feel your attacks grow feeble.
The gnoll bouda hits you but does no damage.
You hit the gnoll bouda. You freeze the gnoll bouda. You claw the gnoll bouda.
The gnoll bouda is moderately wounded.
You completely miss the gnoll.
The gnoll bouda calls upon its god to heal the gnoll.
The gnoll's wounds heal themselves!
The gnoll hits you with a +0 halberd!
You die...

.............#.....#.........
.............'.....#.........
.............#.....#.........
##############.....##..###...
.####...##.....#..######
.........#.....#........
.........#.....#........
......gg)#.....#........
##+#####@##.....#'####... ###
........)....####...##### ..#
.............#........... .<#
.............#........... ..#
...).........#........... ..#
.............#......##...
..####+#########.....#########...
...............#.....#.......#...
...............#.....+.......'...


You could see a gnoll bouda and a gnoll (swift).

Vanquished Creatures
  An ice beast (D:4)
  A black bear (D:5)
  2 ogres (D:4)
  A phantom (D:5)
  2 necrophages
  A scorpion (D:6)
  A hound (D:5)
  An orc priest (D:3)
  2 jellies
  4 iguanas
  Natasha (thrice) (D:3)
  4 gnolls (D:6)
  8 adders
  A shadow imp (D:5)
  An ufetubus (D:5)
  3 dart slugs
  11 orcs
  9 bats
  7 endoplasms
  2 giant cockroaches (D:1)
  5 goblins
  6 hobgoblins
  3 quokkas
  14 ball pythons
  A frilled lizard (D:1)
  8 kobolds
  3 rats
105 creatures vanquished.

Notes
Turn   | Place    | Note
-------+----------+-------------------------------------------
     0 | D:1      | qw the Tengu Warper began the quest for the Orb.
     0 | D:1      | Reached XP level 1. HP: 12/12 MP: 4/4
     0 | D:1      | 0 ||| qw: Version: 0.1-a-89-g26bdef1
     0 | D:1      | 0 ||| qw: Game counter: 2246
     0 | D:1      | 0 ||| qw: Always use a shield: true
     0 | D:1      | 0 ||| qw: God list: Okawaru
     0 | D:1      | 0 ||| qw: Allow faded altars: false
     0 | D:1      | 0 ||| qw: Do Orc after D:15 true
     0 | D:1      | 0 ||| qw: Do second Lair branch before Depths: true
     0 | D:1      | 0 ||| qw: Lair rune preference: random
     0 | D:1      | 0 ||| qw: Plans: Normal
     0 | D:1      | 0 ||| PLANNING D:1-11
   261 | D:1      | Reached skill level 3 in Axes
   261 | D:1      | Reached XP level 2. HP: 10/17 MP: 6/6
   911 | D:1      | Found a faded altar of an unknown god.
   959 | D:1      | Reached XP level 3. HP: 9/21 MP: 7/7
   972 | D:1      | 972 ||| Stepping ~*~*~tactically~*~*~ (stealth).
   981 | D:1      | 981 ||| Stepping ~*~*~tactically~*~*~ (stealth).
   982 | D:1      | 982 ||| Stepping ~*~*~tactically~*~*~ (stealth).
  1021 | D:1      | 1021 ||| Stepping ~*~*~tactically~*~*~ (stealth).
  1404 | D:1      | 1404 ||| UPGRADING to +0 ring mail.
  1414 | D:1      | 1414 ||| DROPPING +0 leather armour.
  1415 | D:1      | 1415 ||| UPGRADING to amulet of the acrobat.
  1420 | D:1      | 1420 ||| READING scroll labelled ASISTR CYANO.
  1421 | D:1      | 1421 ||| READING scroll labelled CAFALOYNAS.
  1422 | D:1      | 1422 ||| READING scroll labelled VUTEEK QOOG.
  1423 | D:1      | 1423 ||| READING scroll labelled JYEB URRINIU.
  1424 | D:1      | 1424 ||| READING scroll labelled BAJONU TUWNISS.
  1425 | D:1      | 1425 ||| DROPPING scroll of blinking.
  1426 | D:1      | 1426 ||| Stepping randomly (stuck).
  1427 | D:1      | 1427 ||| Stepping ~*~*~tactically~*~*~ (cloud).
  1653 | D:2      | Reached skill level 4 in Axes
  1678 | D:2      | 1678 ||| DROPPING +0 club.
  1819 | D:2      | You fall into a shaft and drop 1 floor!
  1820 | D:3      | 1820 ||| UPGRADING to +0 scale mail.
  1830 | D:3      | 1830 ||| DROPPING +0 ring mail.
  1831 | D:3      | 1831 ||| READING scroll labelled CER TITUQ SOB.
  1832 | D:3      | 1832 ||| READING 2 scrolls of identify.
  1832 | D:3      | 1832 ||| IDENTIFYING sedimented emerald potion
  1996 | D:2      | 1996 ||| Stepping ~*~*~tactically~*~*~ (stealth).
  2004 | D:2      | Reached XP level 4. HP: 22/26 MP: 8/8
  2075 | D:2      | 2075 ||| Stepping ~*~*~tactically~*~*~ (stealth).
  2188 | D:2      | 2188 ||| Stepping ~*~*~tactically~*~*~ (stealth).
  2189 | D:2      | 2189 ||| Stepping ~*~*~tactically~*~*~ (stealth).
  2432 | D:2      | 2432 ||| UPGRADING to +0 buckler.
  2437 | D:2      | 2437 ||| READING scroll labelled WEBRUK UBAV.
  2438 | D:2      | 2438 ||| READING scroll labelled JEIZULINEE.
  2497 | D:3      | 2497 ||| DROPPING +0 mace.
  2519 | D:3      | Reached skill level 1 in Shields
  2534 | D:3      | Reached skill level 5 in Axes
  2601 | D:3      | Found a snail-covered altar of Cheibriados.
  2602 | D:3      | 2602 ||| READING 2 scrolls of identify.
  2602 | D:3      | 2602 ||| IDENTIFYING green potion
  2603 | D:3      | 2603 ||| Stepping randomly (stuck).
  2648 | D:3      | Noticed Natasha
  2649 | D:3      | 2649 ||| Stepping ~*~*~tactically~*~*~ (hiding).
  2651 | D:3      | 2651 ||| Stepping ~*~*~tactically~*~*~ (hiding).
  2652 | D:3      | 2652 ||| Stepping ~*~*~tactically~*~*~ (hiding).
  2658 | D:3      | Killed Natasha
  2659 | D:3      | Gained mutation: Your magical nature lets you fly swiftly
                  | and evasively. [Tengu growth]
  2659 | D:3      | Reached XP level 5. HP: 26/30 MP: 9/9
  2692 | D:3      | Noticed Natasha
  2693 | D:3      | 2693 ||| Stepping ~*~*~tactically~*~*~ (hiding).
  2694 | D:3      | 2694 ||| Stepping ~*~*~tactically~*~*~ (hiding).
  2695 | D:3      | 2695 ||| Stepping ~*~*~tactically~*~*~ (hiding).
  2696 | D:3      | 2696 ||| Stepping ~*~*~tactically~*~*~ (hiding).
  2709 | D:3      | Killed Natasha
  2778 | D:3      | Noticed Natasha
  2779 | D:3      | 2779 ||| Stepping ~*~*~tactically~*~*~ (stealth).
  2780 | D:3      | 2780 ||| Stepping ~*~*~tactically~*~*~ (stealth).
  2792 | D:3      | Killed Natasha
  2978 | D:3      | 2978 ||| Stepping ~*~*~tactically~*~*~ (hiding).
  2986 | D:3      | Reached skill level 6 in Axes
  3002 | D:3      | 3002 ||| FLEEEEING.
  3112 | D:3      | 3112 ||| Stepping ~*~*~tactically~*~*~ (stealth).
  3114 | D:3      | 3114 ||| Stepping ~*~*~tactically~*~*~ (hiding).
  3223 | D:3      | 3223 ||| DROPPING +1 whip of pain.
  3338 | D:3      | Found Naaku's Book Shoppe.
  3450 | D:3      | Reached XP level 6. HP: 35/35 MP: 10/10
  3504 | D:3      | Found a runed translucent door.
  3505 | D:3      | Noticed Crazy Yiuf
  3578 | D:3      | 3578 ||| READING scroll labelled CABAYV QU RAUPT.
  3579 | D:3      | 3579 ||| DRINKING 2 fizzy silvery potions.
  3580 | D:3      | 3580 ||| DRINKING 2 fuming dark potions.
  3681 | D:3      | 3681 ||| DROPPING potion of ambrosia.
  3822 | D:4      | 3822 ||| Stepping ~*~*~tactically~*~*~ (hiding).
  3887 | D:4      | Reached skill level 7 in Axes
  3889 | D:4      | 3889 ||| Stepping ~*~*~tactically~*~*~ (hiding).
  4035 | D:4      | 4035 ||| READING scroll of enchant weapon.
  4035 | D:4      | 4035 ||| ENCHANTING +1 hand axe of freezing.
  4111 | D:4      | Found a shimmering altar of Xom.
  4111 | D:4      | Noticed an angel
  4125 | D:4      | Found a glowing silver altar of Zin.
  4144 | D:4      | Noticed an ice beast
  4158 | D:4      | Killed an ice beast
  4159 | D:4      | Reached skill level 3 in Fighting
  4159 | D:4      | Reached XP level 7. HP: 15/41 MP: 11/11
  4879 | D:4      | 4879 ||| READING 2 scrolls of identify.
  4879 | D:4      | 4879 ||| IDENTIFYING orange potion
  4880 | D:4      | 4880 ||| DROPPING potion of lignification.
  4915 | D:5      | Entered Level 5 of the Dungeon
  4934 | D:5      | 4934 ||| Stepping ~*~*~tactically~*~*~ (hiding).
  4960 | D:5      | 4960 ||| FLEEEEING.
  4985 | D:5      | 4985 ||| FLEEEEING.
  4988 | D:5      | 4988 ||| STAIRDANCE
  5045 | D:5      | 5045 ||| STAIRDANCE
  5083 | D:5      | 5083 ||| STAIRDANCE
  5091 | D:5      | 5091 ||| STAIRDANCE
  5176 | D:5      | Reached skill level 8 in Axes
  5418 | D:5      | Reached XP level 8. HP: 24/46 MP: 12/12
  5647 | D:5      | Reached skill level 9 in Axes
  5775 | D:5      | 5775 ||| DROPPING amulet of faith.
  5776 | D:5      | 5776 ||| READING 3 scrolls of identify.
  5776 | D:5      | 5776 ||| IDENTIFYING metallic green potion
  5777 | D:5      | 5777 ||| READING 2 scrolls of identify.
  5777 | D:5      | 5777 ||| IDENTIFYING black potion
  5778 | D:5      | 5778 ||| DROPPING potion of attraction.
  5779 | D:5      | 5779 ||| DROPPING potion of degeneration.
  6014 | D:6      | Found a staircase to the Ecumenical Temple.
  6015 | D:6      | 6015 ||| PLANNING TEMPLE
  6015 | D:6      | 6015 ||| READING scroll labelled SUTO AWINEFEG.
  6024 | Temple   | Entered the Ecumenical Temple
  6056 | Temple   | Became a worshipper of Warmaster Okawaru
  6162 | Temple   | 6162 ||| PLANNING D:1-11
  6310 | D:6      | 6310 ||| Stepping ~*~*~tactically~*~*~ (hiding).
  6324 | D:6      | HP: 11/48 [gnoll/+0 halberd[a gnoll bouda] (6)]
  6325 | D:6      | 6325 ||| DRINKING potion of heal wounds.
  6330 | D:6      | Slain by a gnoll

Levels and vault maps discovered:
D:1:      psy_arrival_spokes, layout_loops_ring,
          hellmonk_ecumenical_altar_run_dry
D:2:      layout_loops_cross
D:3:      cheibrodos_pilgrimage, layout_rooms, cheibrodos_worm_habitat,
          serial_shops, nicolae_shop_hallway_plus, uniq_crazy_yiuf_cottage,
          uniq_natasha
D:4:      layout_loops_ring, grunt_temple_overflow_order_and_chaos_1
D:5:      layout_cave_pools, minmay_tree_intersection
D:6:      layout_gridville, minmay_temple_entry_sparse_star, serial_shops,
          shop_statue, kennysheep_generic_room_8
Temple:   regret_index_temple_mists

Skill      XL: |  1  2  3  4  5  6  7  8 |
---------------+-------------------------+-----
Axes           | 3 4 5 6 7 8 9 |  9.0
Shields        | 1 2 |  2.1
Fighting       | 3 4 |  4.0
Throwing       | 2 |  2.1
Armour         | 2 |  2.1
Dodging        | |  2.8
Spellcasting   | |  2.0
Translocations | |  2.4

Action                   |  1- 3 |  4- 6 |  7- 9 || total
-------------------------+-------+-------+-------++-------
Melee: Hand axe          |    87 |    95 |   100 ||   282
       Kick              |    19 |    20 |    32 ||    71
       Peck              |     8 |     9 |    12 ||    29
Throw: Boomerang         |     7 |       |       ||     7
       Javelin           |       |    28 |    13 ||    41
  Use: Scroll            |     7 |     5 |     4 ||    16
       Potion            |       |     2 |     1 ||     3
Armor: Leather armour    |    11 |       |       ||    11
       Scale mail        |     4 |    17 |    22 ||    43
       Ring mail         |     1 |       |       ||     1
Dodge: Dodged            |    41 |    30 |    46 ||   117
Block: Buckler           |       |     5 |    13 ||    18

Table legend:
 A = Non-vault XP
 B = Vault XP
 C = Vault XP percentage of total XP
 D = Non-vault monster count
 E = Vault monster count
 F = Vault count percentage of total count
                 A         B        C        D         E       F
            +---------+---------+-------+---------+---------+-------
      Total |    1508 |      93 |   5.8 |      98 |       7 |   6.7
            +---------+---------+-------+---------+---------+-------
        D:1 |      44 |       0 |   0.0 |      25 |       0 |   0.0
        D:2 |      69 |       0 |   0.0 |      20 |       0 |   0.0
        D:3 |     115 |      93 |  44.7 |      15 |       7 |  31.8
        D:4 |     660 |       0 |   0.0 |      24 |       0 |   0.0
        D:5 |     379 |       0 |   0.0 |       7 |       0 |   0.0
        D:6 |     241 |       0 |   0.0 |       7 |       0 |   0.0
            +---------+---------+-------+---------+---------+-------
